 Dungeon Crawl Stone Soup version 0.31-a0-986-g5e6e4ef867 (webtiles) character file.

Game seed: 2492176704139420988

1471 timneilson the Shield-Bearer (level 8, -4/49 HPs)
             Began as a Gargoyle Fighter on Nov 12, 2023.
             Slain by an ogre
             ... wielding a +0 giant spiked club
              (23 damage)
             ... on level 6 of the Dungeon.
             The game lasted 00:10:09 (4657 turns).

timneilson the Shield-Bearer (Gargoyle Fighter)     Turns: 4657, Time: 00:10:10

Health: -4/49      AC: 17    Str: 19    XL:     8   Next: 78%
Magic:  8/8        EV:  8    Int: 10    God:
Gold:   243        SH:  6    Dex: 11    Spells: 7/7 levels left

rFire   + . .        a - +0 long sword (flame)
rCold   . . .        c - +1 buckler
rNeg    + . .        t - +0 chain mail
rPois   ∞            (no helmet)
rElec   +            (no cloak)
rCorr   +            (no gloves)
SInv    .            f - +0 pair of boots
Will    .....        p - amulet of regeneration Stlth
                     g - ring of protection from fire
HPRegen 1.08/turn    o - ring of resist corrosion
MPRegen 0.11/turn

%: no passive effects
@: no status effects
A: sickness immunity, AC +5, negative energy resistance 1, electricity
resistance, torment resistance 1, petrification resistance
a: no special abilities


You were on level 6 of the Dungeon.
You visited 1 branch of the dungeon, and saw 6 of its levels.

You collected 243 gold pieces.

Inventory:

Hand Weapons
 a - a +0 long sword of flaming (weapon)
Missiles
 m - a throwing net
Armour
 c - a +1 buckler (worn)
 f - a +0 pair of boots (worn)
 t - a +0 chain mail (worn)
Jewellery
 g - a ring of protection from fire (left hand)
 o - a ring of resist corrosion (right hand)
 p - an amulet of regeneration (around neck)
Scrolls
 b - 3 scrolls of identify
 i - 2 scrolls of enchant armour
 k - a scroll of fog {unknown}
 s - a scroll of teleportation
Potions
 d - 2 potions of might
 e - a potion of brilliance {unknown}
 h - 2 potions of attraction
 j - a potion of ambrosia
 l - a potion of magic {unknown}
 n - 2 potions of curing
 r - a potion of mutation {unknown}


   Skills:
 + Level 5.2 Fighting
 * Level 4.8 Long Blades
 * Level 6.3 Armour
 + Level 2.6 Dodging
 * Level 6.5 Shields
 + Level 2.2 Evocations


You had 7 spell levels left.
You didn't know any spells.
Your spell library was empty.

Dungeon Overview and Level Annotations

Branches:
Dungeon (6/15)
 Temple: D:4-7

Altars:
Makhleb

Shops:
D:1 [   D:5 (


Innate Abilities, Weirdness & Mutations

You are immune to sickness and miasma.
Your stone body is resilient. (AC +5)
You are immune to poison.
You resist negative energy. (rN+)
You are resistant to electric shocks. (rElec)
You are resistant to unholy torment.
You are immune to petrification.


Message History

The centaur shoots an arrow.
The arrow hits you but does no damage.
Unknown command.
The centaur shoots an arrow.
You block the arrow.
The centaur shoots an arrow.
The arrow barely misses you. The adder bites you but does no damage.
You hit the adder. You burn the adder.
The adder is moderately wounded.
The adder barely misses you.
You hit the adder. You burn the adder.
The adder is severely wounded.
The adder bites you. The adder bites you but does no damage.
You miss the adder.
The adder is severely wounded.
The adder bites you.
You barely miss the adder.
The adder is severely wounded.
The adder bites you but does no damage. x2
You slash the adder! You burn the adder.
You kill the adder!
You slash the ogre! You burn the ogre.
The ogre is moderately wounded.
The ogre hits you with a +0 giant spiked club!
You hit the ogre. You burn the ogre.
The ogre is heavily wounded.
The ogre hits you but does no damage.
You hit the ogre. You burn the ogre.
The ogre is severely wounded.
The ogre hits you with a +0 giant spiked club!!
You closely miss the ogre.
The ogre is heavily wounded.
The ogre hits you with a +0 giant spiked club!
You barely miss the ogre.
The ogre is heavily wounded.
You hit the ogre. You burn the ogre.
The ogre is severely wounded.
The ogre barely misses you.
You hit the ogre. You burn the ogre.
The ogre is almost dead.
The ogre hits you with a +0 giant spiked club!!
You die...

#...##..##########
.# #. . ###.##.##
.... <. ..#.##.# .#.
.# #.#..#.# .. ..
.......# .#.#.#.
#.#.#..#
#######c.5....
..#.#..# #co...SO#
###....#
#O######...... #
.....###### #@#
.#.#. ###.........#
#.# .. .......####.#
#.# O#
......#####.####.#
o.
......+...†......# .
......######.#####
......# #.#
......#### #.### .
.........###...#....


You could see an ogre, a centaur and an orc.

Vanquished Creatures
  A shadow (D:5)
  A black bear (D:5)
  2 ogres
  2 centaurs (D:5)
  A phantom (D:5)
  A bullfrog (D:6)
  2 hounds
  3 jellies
  2 orc priests (D:6)
  A gnoll bouda (D:4)
  Terence (D:2)
  4 iguanas
  5 orc wizards
  14 gnolls
  5 adders
  A worm (D:3)
  A dart slug (D:4)
  19 orcs
  5 bats
  8 endoplasms
  5 goblins
  3 hobgoblins
  6 jackals
  A quokka (D:5)
  7 ball pythons
  3 frilled lizards
  7 kobolds
  7 rats
118 creatures vanquished.

Notes
Turn   | Place    | Note
-------+----------+-------------------------------------------
     0 | D:1      | timneilson the Gargoyle Fighter began the quest for the
                  | Orb.
     0 | D:1      | Reached XP level 1. HP: 14/14 MP: 1/1
   250 | D:1      | Reached XP level 2. HP: 19/19 MP: 2/2
   361 | D:1      | Reached XP level 3. HP: 23/23 MP: 3/3
   597 | D:1      | Found Hes Biuc's Antique Armour Shop.
  1117 | D:2      | Reached XP level 4. HP: 8/29 MP: 4/4
  1368 | D:2      | Noticed Terence
  1386 | D:2      | HP: 1/29 [Terence/+0 flail (1)]
  1391 | D:2      | Killed Terence
  1392 | D:2      | Reached skill level 1 in Dodging
  1605 | D:2      | Reached XP level 5. HP: 22/33 MP: 5/5
  1637 | D:2      | HP: 1/33 [gnoll/+0 club (2)]
  2075 | D:3      | Reached XP level 6. HP: 38/38 MP: 6/6
  2207 | D:3      | Found a burning altar of Makhleb.
  2249 | D:3      | Identified the +7 mace "Hiozanid" {flame, rCorr}
  2935 | D:4      | Reached skill level 5 in Shields
  2935 | D:4      | Reached XP level 7. HP: 44/44 MP: 7/7
  3013 | D:4      | Reached skill level 5 in Armour
  3047 | D:4      | Reached skill level 1 in Evocations
  3464 | D:5      | Entered Level 5 of the Dungeon
  3464 | D:5      | Noticed a shadow
  3496 | D:5      | Found Bapluni's Weapon Boutique.
  3747 | D:5      | Reached XP level 8. HP: 33/48 MP: 8/8
  3895 | D:5      | Killed a shadow
  3896 | D:5      | Reached skill level 5 in Fighting
  4657 | D:6      | Slain by an ogre

Illustrated notes

Levels and vault maps discovered:
D:1:      mrwooster_arrival_statue_2, layout_loops_ring, serial_shops, shop
D:2:      layout_loops_cross, uniq_terence
D:3:      layout_basic, bloody_makhleb, minmay_box_of_dots
D:4:      layout_basic
D:5:      layout_gridville, serial_shops, nicolae_shop_tiny_real_fake_doors
D:6:      layout_basic, hangedman_decor_lopped, st_stairs_11,
          minmay_misc_feat_roman, kennysheep_small_spiral, kennysheep_cross_room

Skill      XL: |  1  2  3  4  5  6  7  8 |
---------------+-------------------------+-----
Long Blades    | 2 3 4 |  4.8
Shields        | 4 5 6 |  6.5
Armour         | 4 5 6 |  6.3
Dodging        | 1 2 |  2.6
Fighting       | 4 5 |  5.2
Evocations     | 1 2 |  2.2

Action                     |  1- 3 |  4- 6 |  7- 9 || total
---------------------------+-------+-------+-------++-------
  Melee: Long sword        |   102 |   261 |   275 ||   638
  Evoke: Wand              |       |       |     7 ||     7
    Use: Scroll            |     3 |     4 |     6 ||    13
         Potion            |       |     1 |       ||     1
 Armour: Scale mail        |    74 |   221 |       ||   295
         Chain mail        |       |       |   303 ||   303
  Dodge: Dodged            |    53 |   118 |   129 ||   300
  Block: Buckler           |    27 |    79 |    83 ||   189

Table legend: (Time is in decaauts)
 A = Elapsed time spent in this place.
 B = Non-inter-level travel time spent in this place.
 C = Inter-level travel time spent in this place.
 D = Time resting spent in this place.
 E = Time spent auto-exploring this place.
 F = Levels seen in this place.
 G = Mean time per level.
                   A        B        C        D        E       F      G
               +--------+--------+--------+--------+--------+-----+--------+
         Total |   4823 |   4555 |    268 |    370 |   2667 |   6 |  803.8 |
       Dungeon |   4823 |   4555 |    268 |    370 |   2667 |   6 |  803.8 |
               +--------+--------+--------+--------+--------+-----+--------+

Top non-repeatable levels by time:
     D:2: 1010 daAuts
     D:1: 959 daAuts
     D:3: 834 daAuts
     D:4: 808 daAuts
     D:5: 639 daAuts
     D:6: 571 daAuts
